 Dungeon Crawl Stone Soup version 0.31-a0-845-g9abc20d24f (webtiles) character file.

Game seed: 18173972589349268249

310 Kurtz the Chopper (level 6, -12/42 HPs)
             Began as an Octopode Fighter on Oct 1, 2023.
             Mangled by an ogre
             ... wielding a +0 giant club
              (20 damage)
             ... on level 4 of the Dungeon.
             The game lasted 00:01:14 (2377 turns).

Kurtz the Chopper (Octopode Fighter)                Turns: 2377, Time: 00:01:15

Health: -12/42     AC:  1    Str: 15    XL:     6   Next: 41%
Magic:  6/6        EV: 13    Int: 11    God:
Gold:   152        SH:  4    Dex: 13    Spells: 5/5 levels left

rFire   . . .        a - +0 war axe
rCold   . . .        b - +0 buckler
rNeg    . . .        (helmet restricted)
rPois   .            (no amulet)
rElec   .            (no ring)
rCorr   .            (no ring)
SInv    .            (no ring)
Will    .....        (no ring)
Stlth   ++           (no ring)
HPRegen 0.27/turn    (no ring)
MPRegen 0.10/turn    (no ring)
                     (no ring)

%: no passive effects
@: mighty
A: almost no armour, amphibious, 8 rings, camouflage 1, gelatinous body 1,
(nimble swimmer 1), tentacles
a: no special abilities


You were on level 4 of the Dungeon.
You visited 1 branch of the dungeon, and saw 4 of its levels.

You collected 152 gold pieces.

Inventory:

Hand Weapons
 a - a +0 war axe (weapon)
Armour
 b - a +0 buckler (worn)
Scrolls
 e - 2 scrolls of identify {unknown}
 f - 2 scrolls of teleportation {unknown}
 g - a scroll of silence {unknown}
 h - a scroll of revelation {unknown}
 i - a scroll of fog {unknown}
 k - a scroll of brand weapon {unknown}
 l - a scroll of enchant armour {unknown}
Potions
 d - 2 potions of mutation {unknown}
 j - a potion of haste {unknown}


   Skills:
 - Level 3.0 Fighting
 + Level 6.6 Axes
 - Level 3.0 Dodging
 - Level 3.0 Shields


You had 5 spell levels left.
You didn't know any spells.
Your spell library was empty.

Dungeon Overview and Level Annotations

Branches:
Dungeon (4/15)
 Temple: D:4-7

Altars:

Annotations:
D:4 1 runed translucent door, Crazy Yiuf


Innate Abilities, Weirdness & Mutations

You cannot wear most types of armour.
You are amphibious.
You can wear up to eight rings at the same time.
Your skin changes colour to match your surroundings (Stealth+).
Your rubbery body absorbs attacks. (AC +1, EV +1)
((You are camouflaged when in or above water. (Stealth+)))
You have tentacles for arms and can constrict up to eight enemies at once.


Message History

No target in view!
HP restored.
l - a scroll labelled JUCHAUTIARCH No target in view!
You open the door.
Found a hammer.
No target in view!
Found two hammers.
Found a runed translucent door.
No target in view!
You see here a +0 hammer.
Found a hammer.
Crazy Yiuf shouts!
Crazy Yiuf yells, "Rot cloud canine!"
No reachable target in view!
You see here a +0 hammer.
Key pressed, stopping explore.
No target in view!
No target in view!
No target in view!
No target in view!
You now have 152 gold pieces (gained 15).
You see here a +2 dagger of holy wrath.
No target in view!
An ogre comes into view. It is wielding a +0 giant club.
The ogre shouts!
Found 9 stones.
An ogre is nearby!
An ogre is nearby!
The ogre hits you with a +0 giant club!!
Ouch! That really hurt!
* * * LOW HITPOINT WARNING * * *
You are too injured to fight recklessly!
An ogre is nearby!
You are too injured to fight recklessly!
You are too injured to fight recklessly!
You feel very mighty all of a sudden.
You slash the ogre!
The ogre is heavily wounded.
The ogre hits you with a +0 giant club!!
You die...

#.......(.)[. #.
#............ ..#+####
#######...... #.....#
#.##### +.....#
#######.### #..(..#
#.........# # #.....#
#)........# #
#.....####.........###
#...O@...........##...
#........#......###...
...........#......#
#...
...###+#...#......#
#... .. #...########
#... . ..... #...
......# ###...
.......# #.+... #.#...


You could see an ogre.

Vanquished Creatures
  Sigmund (D:2)
  Jessica (D:2)
  Natasha (twice) (D:2)
  3 adders
  A worm (D:2)
  2 bats
  7 endoplasms
  A giant cockroach (D:3)
  2 goblins
  3 hobgoblins (D:3)
  6 jackals
  3 kobolds
  3 quokkas
  6 ball pythons
  3 frilled lizards (D:1)
  3 rats
47 creatures vanquished.

Notes
Turn   | Place    | Note
-------+----------+-------------------------------------------
     0 | D:1      | Kurtz the Octopode Fighter began the quest for the Orb.
     0 | D:1      | Reached XP level 1. HP: 16/16 MP: 1/1
   279 | D:1      | Found a faded altar of an unknown god.
   491 | D:1      | Reached XP level 2. HP: 21/21 MP: 2/2
   760 | D:1      | Reached skill level 3 in Axes
  1086 | D:2      | Reached XP level 3. HP: 26/26 MP: 3/3
  1129 | D:2      | Noticed Sigmund
  1135 | D:2      | Killed Sigmund
  1136 | D:2      | Reached skill level 5 in Axes
  1136 | D:2      | Reached XP level 4. HP: 25/31 MP: 4/4
  1136 | D:2      | Reached XP level 5. HP: 29/36 MP: 5/5
  1445 | D:2      | Noticed Natasha
  1448 | D:2      | Killed Natasha
  1449 | D:2      | Reached skill level 6 in Axes
  1449 | D:2      | Reached XP level 6. HP: 42/42 MP: 6/6
  1526 | D:2      | Noticed Jessica
  1531 | D:2      | Killed Jessica
  1568 | D:2      | Noticed Natasha
  1579 | D:2      | Killed Natasha
  2150 | D:3      | Identified the +3 war axe of Bits {freeze, rElec}
  2328 | D:4      | Found a runed translucent door.
  2329 | D:4      | Noticed Crazy Yiuf
  2377 | D:4      | Mangled by an ogre

Illustrated notes

Levels and vault maps discovered:
D:1:      onia_arrival_mini_spirals, layout_loops_corners,
          shapermc_ecumenical_altar_venn
D:2:      layout_loops_ring, serial_forest, infiniplex_forest_side_room,
          infiniplex_forest_zigzag_1, infiniplex_forest_straight_4,
          infiniplex_forest_zigzag_1, infiniplex_forest_corner_1,
          infiniplex_forest_clump_tiny, infiniplex_forest_lined_room_2,
          uniq_jessica, uniq_sigmund, uniq_natasha
D:3:      layout_rooms
D:4:      layout_basic, uniq_crazy_yiuf_cottage

Skill      XL: |  1  2  3  4  5 |
---------------+----------------+-----
Axes           | 3 5 6 |  6.6
Fighting       | |  3.0
Dodging        | |  3.0
Shields        | |  3.0

Action                     |  1- 3 |  4- 6 || total
---------------------------+-------+-------++-------
  Melee: War axe           |    35 |    54 ||    89
         Constrict         |     9 |    15 ||    24
         Tentacles         |     4 |     7 ||    11
         Punch             |     1 |     2 ||     3
    Use: Potion            |       |     1 ||     1
   Stab: Sleeping          |     5 |     5 ||    10
 Armour: Skin              |    12 |    17 ||    29
  Dodge: Dodged            |    19 |    22 ||    41
  Block: Buckler           |     3 |    11 ||    14

Table legend: (Time is in decaauts)
 A = Elapsed time spent in this place.
 B = Non-inter-level travel time spent in this place.
 C = Inter-level travel time spent in this place.
 D = Time resting spent in this place.
 E = Time spent auto-exploring this place.
 F = Levels seen in this place.
 G = Mean time per level.
                   A        B        C        D        E       F      G
               +--------+--------+--------+--------+--------+-----+--------+
         Total |   2401 |   2325 |     76 |      0 |   1982 |   4 |  600.2 |
       Dungeon |   2401 |   2325 |     76 |      0 |   1982 |   4 |  600.2 |
               +--------+--------+--------+--------+--------+-----+--------+

Top non-repeatable levels by time:
     D:1: 1090 daAuts
     D:2: 698 daAuts
     D:3: 455 daAuts
     D:4: 156 daAuts
